 Dungeon Crawl Stone Soup version 0.27-a0-1217-g8a41f320e8 (webtiles) character file.

Game seed: 3702494807390513011

1820 Delamore the Spear-Bearer (level 9, -2/68 HPs)
             Began as a Formicid Fighter on June 6, 2021.
             Was an Initiate of Gozag.
             Slain by a centaur (4 damage)
             ... on level 8 of the Dungeon.
             The game lasted 00:07:24 (9006 turns).

Delamore the Spear-Bearer (Formicid Fighter)        Turns: 9006, Time: 00:07:25

Health: -2/68      AC: 10    Str: 24    XL:     9   Next: 32%
Magic:  9/9        EV:  6    Int: 14    God:    Gozag
Gold:   685        SH: 10    Dex: 10    Spells: 8/8 levels left

rFire    . . .     SeeInvis +   a - +1 trident (elec)
rCold    . . .     Faith    .   c - +1 kite shield
rNeg     + . .     Spirit   .   u - +1 chain mail {rN+}
rPois    .         Reflect  .   (helmet unavailable)
rElec    .         Harm     .   (no cloak)
rCorr    .         Rampage  .   (no gloves)
Will     .....                  (no boots)
Stlth    ..........             (no amulet)
HPRegen  0.21/turn              g - +6 ring of intelligence
MPRegen  0.11/turn              (no ring)

@: no status effects
A: permanent stasis, dig shafts and tunnels, antennae 3, four strong arms
a: Dig, Shaft Self, Renounce Religion, Potion Petition, Call Merchant, Bribe
Branch


You were on level 8 of the Dungeon.
You worshipped Gozag.
Gozag was pleased with you.
You visited 1 branch of the dungeon, and saw 8 of its levels.

You collected 916 gold pieces.
You spent 195 gold pieces at shops.
You paid 36 gold pieces to Gozag.

Inventory:

Hand Weapons
 a - a +1 trident of electrocution (weapon)
Missiles
 j - 9 boomerangs
 s - 12 poisoned darts (quivered)
 t - a throwing net
 v - 2 javelins
Armour
 b - a +0 scale mail
 c - a +1 kite shield (worn)
 u - a +1 chain mail of positive energy (worn)
Jewellery
 g - a +6 ring of intelligence (left hand)
 o - a ring of see invisible
Wands
 k - a wand of iceblast (5)
 q - a wand of digging (4)
 w - a wand of acid (5)
 x - a wand of charming (5)
Scrolls
 f - a scroll of fog
 m - 3 scrolls of enchant armour
 n - 3 scrolls of magic mapping
 y - a scroll of identify
Potions
 d - 2 potions of might
 e - a potion of mutation
 h - 2 potions of flight
 i - a potion of heal wounds
 l - 3 potions of curing {unknown}
 p - a potion of haste
 r - 2 potions of lignification {unknown}


   Skills:
 - Level 5.0 Fighting
 * Level 10.7 Polearms
 + Level 1.0 Throwing
 + Level 3.6 Armour
 + Level 4.0 Shields


You had 8 spell levels left.
You didn't know any spells.
Your spell library contained the following spells:

 Spells                   Type           Power      Damage    Failure   Level
 Animate Skeleton         Necr           0%         N/A       99%         1
 Freeze                   Ice            0%         1d3       99%         1
 Magic Dart               Conj           0%         1d3       99%         1
 Pain                     Necr           0%         1d4       99%         1
 Summon Small Mammal      Summ           0%         N/A       99%         1
 Call Imp                 Summ           0%         N/A       100%        2
 Searing Ray              Conj           0%         3d3       100%        2
 Call Canine Familiar     Summ           0%         N/A       100%        3
 Dazzling Flash           Conj/Hex       0%         N/A       100%        3
 Frozen Ramparts          Ice            0%         1d2       100%        3
 Ozocubu's Armour         Ice            0%         N/A       100%        3
 Summon Guardian Golem    Hex/Summ       0%         N/A       100%        3
 Vampiric Draining        Necr           0%         2d6       100%        3
 Animate Dead             Necr           0%         N/A       100%        4
 Fulminant Prism          Conj/Hex       0%         3d6       100%        4
 Hailstorm                Conj/Ice       0%         3d3       100%        4
 Iskenderun's Mystic Bla  Conj/Tloc      0%         2d3       100%        4
 Summon Ice Beast         Ice/Summ       0%         N/A       100%        4
 Summon Lightning Spire   Summ/Air       0%         N/A       100%        4
 Agony                    Necr           0%         N/A       100%        5
 Metabolic Englaciation   Hex/Ice        0%         N/A       100%        5


Dungeon Overview and Level Annotations

Branches:
Dungeon (8/15)             Temple (0/1) D:7
   Lair: D:8-11

Altars:
Gozag
Qazlal
Sif Muna
Vehumet
Wu Jian

Shops:
D:5 (   D:6 [

Annotations:
D:4 2 transporters, zynnq's ghost, amateur DjWz


Innate Abilities, Weirdness & Mutations

You cannot be hasted, slowed, berserked, paralysed or teleported.
You can dig through walls and to a lower floor.
You have a pair of large antennae on your head. (SInv)
Your four strong arms can wield two-handed weapons with a shield.


Message History

You now have 685 gold pieces (gained 18).
Found a stone staircase leading down.
Found a leather armour.
A centaur comes into view.
The centaur wields a +0 shortbow.
The centaur shoots an arrow.
The arrow barely misses you.
A centaur is nearby!
A centaur zombie comes into view.
A cyclops comes into view.
The cyclops shouts!
You hear a shout!
The centaur shoots an arrow.
The arrow hits you.
The centaur shoots an arrow.
The arrow hits you.
The centaur shoots an arrow.
The arrow hits you.
You reach to attack!
You completely miss the centaur.
The centaur shoots an arrow.
The arrow hits you.
You puncture the centaur zombie!
The centaur zombie is moderately damaged.
The centaur zombie hits you but does no damage.
The centaur zombie kicks you but does no damage.
The centaur unwields a +0 shortbow.
You block the centaur's attack. x2
The cyclops throws a large rock.
The large rock hits you!
You hit the centaur zombie.
The centaur zombie is moderately damaged.
You block the centaur zombie's attack.
The centaur zombie kicks you but does no damage.
The centaur hits you but does no damage.
The centaur kicks you.
Your chain mail prevents you from hitting the centaur zombie.
The centaur zombie is moderately damaged.
You block the centaur zombie's attack. The centaur zombie barely misses you.
You block the centaur's attack.
The centaur kicks you but does no damage.
The cyclops throws a large rock.
The large rock hits you!!!
Ouch! That really hurt!
* * * LOW HITPOINT WARNING * * *
The centaur zombie hits you but does no damage.
The centaur zombie kicks you but does no damage.
The centaur hits you.
You die...
Your body crumbles into a pile of gold.

##### ###
....############..##
...................###
....#...###>....##....
....#.................
....#..#######...#####
....##.#........@Z...♣
....##.#♣..♣♣♣♣.♣c.♣♣.♣
....##.#. ♣.♣♣.[♣
##.###.# { ♣.♣ ♣..♣
#...#.# ♣.♣ ♣..♣
##.#...# #C# ###
...#...# #.# )......#
.#. <)).#..#


You could see a cyclops, a centaur and a centaur zombie.

Vanquished Creatures
  2 sky beasts (D:6)
  An orc warrior (D:8)
  An ice beast (D:6)
  A necrophage (D:5)
  2 ogres
  A centaur (D:5)
  A phantom (D:4)
  3 bullfrogs
  A gnoll sergeant (D:7)
  2 scorpions
  A howler monkey (D:4)
  3 bullfrog zombies
  A centaur zombie (D:5)
  2 hounds (D:4)
  3 jellies
  A bullfrog skeleton (D:5)
  An orc priest (D:8)
  An iguana (D:5)
  Jessica (D:2)
  An orc wizard (D:8)
  A killer bee zombie (D:5)
  A howler monkey zombie (D:6)
  4 gnolls
  6 adders
  2 white imps
  An ufetubus (D:4)
  An adder skeleton (D:4)
  2 worms (D:2)
  A dart slug (D:2)
  16 orcs
  3 endoplasms
  3 giant cockroaches
  8 goblins
  13 hobgoblins
  2 jackals (D:2)
  6 kobolds
  5 quokkas
  2 ball pythons
  A bat (D:1)
  2 frilled lizards
  A quokka skeleton (D:4)
  6 rats
117 creatures vanquished.

Notes
Turn   | Place    | Note
-------+----------+-------------------------------------------
     0 | D:1      | Delamore the Formicid Fighter began the quest for the Orb.
     0 | D:1      | Reached XP level 1. HP: 18/18 MP: 1/1
   209 | D:1      | Reached XP level 2. HP: 24/24 MP: 2/2
   614 | D:1      | Reached XP level 3. HP: 30/30 MP: 3/3
   640 | D:1      | Reached skill level 3 in Polearms
  1455 | D:2      | Reached XP level 4. HP: 33/37 MP: 4/4
  1627 | D:2      | Found a faded altar of an unknown god.
  1645 | D:2      | Became a worshipper of Vehumet
  1645 | D:2      | Reached * piety under Vehumet
  1645 | D:2      | Offered knowledge of Foxfire by Vehumet.
  2097 | D:2      | Noticed Jessica
  2102 | D:2      | Killed Jessica
  2274 | D:3      | Reached skill level 4 in Polearms
  2483 | D:3      | Reached XP level 5. HP: 40/42 MP: 5/5
  2613 | D:3      | Found a shimmering blue altar of Sif Muna.
  2653 | D:3      | Found an opulent altar of Gozag.
  2709 | D:3      | Fell from the grace of Vehumet
  2709 | D:3      | Became a worshipper of Gozag Ym Sagoz the Greedy
  2748 | D:3      | Found an ornate altar of the Wu Jian Council.
  2761 | D:3      | Found a stormy altar of Qazlal.
  2921 | D:3      | Noticed an ogre
  3011 | D:2      | You fall into a shaft and drop 2 floors!
  4026 | D:4      | Reached XP level 6. HP: 31/49 MP: 6/6
  4185 | D:4      | Reached skill level 5 in Polearms
  4210 | D:4      | Noticed an ogre
  4216 | D:4      | Reached skill level 5 in Fighting
  4251 | D:4      | Killed an ogre
  4303 | D:4      | You fall into a shaft and drop 1 floor!
  4303 | D:5      | Entered Level 5 of the Dungeon
  4309 | D:5      | Reached skill level 6 in Polearms
  4309 | D:5      | Reached XP level 7. HP: 55/56 MP: 7/7
  4325 | D:4      | Noticed zynnq's ghost (amateur DjWz)
  4326 | D:4      | Found a transporter.
  4516 | D:4      | Found a transporter.
  5311 | D:5      | Reached skill level 7 in Polearms
  5766 | D:5      | Reached skill level 8 in Polearms
  5766 | D:5      | Reached XP level 8. HP: 57/62 MP: 8/8
  5960 | D:5      | Found Divutanoma's Antique Weapon Boutique.
  6390 | D:6      | Reached skill level 9 in Polearms
  6947 | D:6      | Reached skill level 10 in Polearms
  6947 | D:6      | Reached XP level 9. HP: 68/68 MP: 9/9
  7029 | D:6      | Found Soehoj's Antique Armour Shoppe.
  7035 | D:6      | Bought a shiny chain mail for 195 gold pieces
  7744 | D:7      | Found a staircase to the Ecumenical Temple.
  7977 | D:7      | Was forgiven by Vehumet
  8807 | D:8      | Reached skill level 1 in Throwing
  9001 | D:8      | Noticed a cyclops
  9006 | D:8      | HP: 2/68 [cyclops/large rock (37)]
  9006 | D:8      | Slain by a centaur

Illustrated notes

Levels and vault maps discovered:
D:1:      dpeg_arrival_morbid_curiosity, layout_basic
D:2:      minmay_door_path, layout_basic, basic_ecumenical_altar,
          cheibrodos_gnoll_hut, uniq_jessica
D:3:      layout_loops_ring, nicolae_overflow_quartered_altars
D:4:      layout_basic, gammafunk_ghost_stat_death, dk_noncrumbling_2,
          amcnicky_mini_pool_small
D:5:      layout_rooms, serial_shops, kennysheep_mini_moat, st_stairs_13
D:6:      layout_basic, serial_shops, shop
D:7:      layout_layer_cave, minmay_temple_entry_glass, lemuel_old_faithful
D:8:      nzn_winding_woodlands_small [nzn_winding_woodlands_5x15_pockets,
          nzn_winding_woodlands_center_diamonds,
          nzn_winding_woodlands_5x15_split_checker], layout_rooms, special_room
          [special_room_orc], uniq_joseph

Skill      XL: |  1  2  3  4  5  6  7  8  9 |
---------------+----------------------------+-----
Polearms       | 3 4 6 8 10 | 10.7
Fighting       | 4 5 |  5.0
Throwing       | 1 |  1.0
Shields        | 4 |  4.0
Armour         | |  3.6

Action                   |  1- 3 |  4- 6 |  7- 9 || total
-------------------------+-------+-------+-------++-------
Melee: Trident           |   127 |   109 |   234 ||   470
Throw: Boomerang         |       |     9 |     3 ||    12
       Dart              |       |     8 |     6 ||    14
 Abil: Shaft Self        |       |     1 |       ||     1
       Dig               |       |       |     1 ||     1
Evoke: Wand              |       |     1 |       ||     1
  Use: Scroll            |       |    10 |     5 ||    15
Armor: Scale mail        |    46 |    28 |    39 ||   113
       Chain mail        |       |       |    18 ||    18
Dodge: Dodged            |    33 |    26 |    60 ||   119
Block: Kite shield       |    62 |    52 |   115 ||   229

Table legend: (Time is in decaauts)
 A = Elapsed time spent in this place.
 B = Non-inter-level travel time spent in this place.
 C = Inter-level travel time spent in this place.
 D = Time resting spent in this place.
 E = Time spent auto-exploring this place.
 F = Levels seen in this place.
 G = Mean time per level.
                   A        B        C        D        E       F      G
               +--------+--------+--------+--------+--------+-----+--------+
         Total |   9099 |   8836 |    263 |    789 |   6903 |   8 | 1137.4 |
       Dungeon |   9099 |   8836 |    263 |    789 |   6903 |   8 | 1137.4 |
               +--------+--------+--------+--------+--------+-----+--------+

Top non-repeatable levels by time:
     D:4: 2449 daAuts
     D:2: 1554 daAuts
     D:7: 1454 daAuts
     D:6: 1004 daAuts
     D:3: 988 daAuts
     D:1: 772 daAuts
     D:5: 617 daAuts
     D:8: 256 daAuts
